 Dungeon Crawl Stone Soup version 0.25-a0-194-gece12570e2 (webtiles) character file.

Game seed: 242621288077533878, levelgen mode: deterministic

1290 Crag the Sneak (level 8, -2/46 HPs)
             Began as an Octopode Venom Mage on Dec 1, 2019.
             Splashed by a jelly's acid (5 damage)
             ... on level 6 of the Dungeon.
             The game lasted 00:25:35 (6537 turns).

Crag the Sneak (Octopode Venom Mage)                Turns: 6537, Time: 00:25:35

Health: -2/46      AC: -3    Str:  9    XL:     8   Next: 55%
Magic:  14/14      EV: 16    Int: 17    God:
Gold:   266        SH:  0    Dex: 18    Spells: 11/15 levels left

rFire    . . .     SeeInvis .     - Unarmed
rCold    . . .     Gourm    .   (no shield)
rNeg     . . .     Faith    .   (helmet restricted)
rPois    .         Spirit   .   (no amulet)
rElec    .         Reflect  .   f - +3 ring of dexterity
rCorr    .         Harm     .   l - +2 ring of dexterity
MR       .....                  (no ring)
Stlth    +++++.....             (no ring)
HPRegen  0.15/turn              (no ring)
MPRegen  0.14/turn              (no ring)
                                (no ring)
                                (no ring)

@: corroded
A: almost no armour, stealthy swim, amphibious, 8 rings, constrict 8, camouflage
1, gelatinous body 1, no potion heal 1, MP-powered wands
a: no special abilities


You were on level 6 of the Dungeon.
You were not hungry.

You visited 2 branches of the dungeon, and saw 7 of its levels.

You collected 266 gold pieces.

Inventory:

Missiles
 g - 258 stones (quivered)
Jewellery
 f - a +3 ring of dexterity (left tentacle)
 l - a +2 ring of dexterity (right tentacle)
Scrolls
 a - a scroll of enchant armour
 c - 3 scrolls of identify
 i - 3 scrolls of remove curse
 j - 2 scrolls of teleportation
Potions
 e - a potion of flight
Comestibles
 b - 9 rations


   Skills:
 + Level 4.8 Dodging
 + Level 6.9 Stealth
 + Level 4.1 Unarmed Combat
 + Level 4.4 Spellcasting
 + Level 4.4 Conjurations
 - Level 4.0 Poison Magic


You had 11 spell levels left.
You knew the following spells:

 Your Spells              Type           Power        Failure   Level  Hunger
a - Sting                 Conj/Pois      ###.         2%          1    None
b - Mephitic Cloud        Conj/Pois/Air  ##......     14%         3    ###....

Your spell library contained the following spells:

 Spells                   Type           Power        Failure   Level  Hunger
 Poisonous Vapours        Pois/Air       ##....       10%         2    ##.....
 Confusing Touch          Hex            #.....       16%         1    None
 Olgreb's Toxic Radiance  Pois           ###.....     28%         4    ####...
 Confuse                  Hex            #.......     41%         3    ###....
 Gell's Gravitas          Tloc           #.........   41%         3    ###....
 Venom Bolt               Conj/Pois      ###.......   58%         5    ######.
 Petrify                  Tmut/Erth      #.......     83%         4    ####...
 Metabolic Englaciation   Hex/Ice        #.........   99%         5    ######.
 Yara's Violent Unravell  Hex/Tmut       #.........   99%         5    ######.


Dungeon Overview and Level Annotations

Branches:
Dungeon (6/15)             Temple (1/1) D:5

Altars:
Ashenzari
Dithmenos
Fedhas
Kikubaaqudgha
Makhleb
Nemelex Xobeh
Okawaru
Qazlal
Sif Muna
Trog
Uskayaw
Vehumet
Wu Jian
The Shining One
Lugonu


Innate Abilities, Weirdness & Mutations

You cannot wear most types of armour.
You are very stealthy in the water. (Stealth+)
You are amphibious.
You can wear up to eight rings at the same time.
You can use your tentacles to constrict eight enemies at once.
Your skin changes colour to match your surroundings (Stealth+).
Your rubbery body absorbs attacks. (AC +1, EV +1)
Potions are less effective at restoring your health.
You expend magic power (3 MP) to strengthen your wands.


Message History

You barely miss the jelly.
The jelly is severely wounded.
The jelly barely misses you.
You barely miss the jelly.
You squeeze the jelly, but do no damage.
The jelly is severely wounded.
The jelly hits you.
* * * LOW HITPOINT WARNING * * *
You are splashed with acid.
* * * LOW HITPOINT WARNING * * *
Okay, then.
You aren't carrying any items that you can evoke.
It was a potion of magic.
Magic courses through your body. The jelly misses you.
Casting: Sting (safe; 2% risk of failure)
Confirm with . or Enter, or press ? or * to list all spells.
You don't know that spell.
You tentacle-slap the jelly but do no damage.
The acid corrodes you!
Your tentacles burn!
You die...

..## #........#########..####....
...###........#≈≈≈≈≈#.....#....#.
..............#≈...≈#.##.....###.
..............'.._..'.##....## #.
..............#≈...≈####...## #.
.......[......#≈≈≈≈≈####...## #.
........)...#.#######.p.....# #.
##..........##..<.....÷.....####.
####...........@..)##.......##..
#.....[.....J...##.....>.....
#...............##.....###...
#.......###.).....##....# ##..
#......## ##......##...## #..
#.....## ##......#..## ##..
#......# ##........# #...
###.....## #........## #...
.##....# ##........# #...


You could see a jelly and a neutral freed slave (wandering).

Vanquished Creatures
  Pikel (D:6)
  A slave (D:5)
  An ogre (D:6)
  A centaur (D:5)
  Blork the orc (D:6)
  A scorpion (D:5)
  A howler monkey (D:5)
  2 crimson imps (D:5)
  A centaur zombie (D:5)
  A bullfrog skeleton (D:6)
  A hound (D:6)
  A jelly (D:6)
  A centaur skeleton (D:2)
  3 orc priests
  2 iguanas (D:6)
  Jessica (D:2)
  A gnoll (D:1)
  A howler monkey skeleton (D:4)
  3 adders
  2 shadow imps (D:6)
  An ooze (D:1)
  An adder skeleton (D:4)
  A dart slug (D:4)
  4 leopard geckos
  8 orcs
  8 bats
  7 giant cockroaches
  5 goblins
  9 hobgoblins
  4 quokkas
  3 ball pythons
  7 frilled lizards
  5 kobolds
  A leopard gecko skeleton (D:4)
  A quokka skeleton (D:4)
  4 rats (D:1)
96 creatures vanquished.

Notes
Turn   | Place    | Note
-------+----------+-------------------------------------------
     0 | D:1      | Crag the Octopode Venom Mage began the quest for the Orb.
     0 | D:1      | Reached XP level 1. HP: 11/11 MP: 3/3
   168 | D:1      | Reached skill level 3 in Stealth
   168 | D:1      | Reached XP level 2. HP: 17/17 MP: 0/5
   406 | D:1      | Reached XP level 3. HP: 21/21 MP: 3/6
   497 | D:1      | Learned a level 3 spell: Mephitic Cloud
   925 | D:1      | Reached skill level 1 in Unarmed Combat
  1363 | D:1      | Gained mutation: You tend to lose your temper in combat.
                  | [potion of mutation]
  1363 | D:1      | Gained mutation: Your spells are a little easier to cast,
                  | but a little less powerful. [potion of mutation]
  1363 | D:1      | Gained mutation: You are partially covered in iridescent
                  | scales. (AC +2) [potion of mutation]
  1380 | D:2      | Reached XP level 4. HP: 27/27 MP: 5/7
  1897 | D:2      | Found a shimmering blue altar of Sif Muna.
  2165 | D:2      | Noticed Jessica
  2169 | D:2      | Killed Jessica
  2169 | D:2      | Reached XP level 5. HP: 31/31 MP: 1/8
  2248 | D:2      | Found a bloodstained altar of Trog.
  2621 | D:3      | Reached skill level 4 in Stealth
  3020 | D:3      | Found an ancient bone altar of Kikubaaqudgha.
  3020 | D:3      | Found an iron altar of Okawaru.
  3021 | D:3      | Found a glowing golden altar of the Shining One.
  3514 | D:4      | Reached XP level 6. HP: 32/36 MP: 6/10
  4166 | D:5      | Entered Level 5 of the Dungeon
  4886 | D:5      | Reached skill level 5 in Stealth
  4922 | D:5      | Reached XP level 7. HP: 29/41 MP: 6/12
  5035 | D:5      | Found a staircase to the Ecumenical Temple.
  5049 | Temple   | Entered the Ecumenical Temple
  5745 | D:6      | Noticed Blork the orc
  5760 | D:6      | Killed Blork the orc
  5760 | D:6      | Reached skill level 6 in Stealth
  5763 | D:6      | Lost mutation: You are partially covered in iridescent
                  | scales. (AC +2) [potion of mutation]
  5763 | D:6      | Lost mutation: You tend to lose your temper in combat.
                  | [potion of mutation]
  5763 | D:6      | Lost mutation: Your spells are a little easier to cast, but
                  | a little less powerful. [potion of mutation]
  5763 | D:6      | Gained mutation: Potions are less effective at restoring
                  | your health. [potion of mutation]
  5763 | D:6      | Gained mutation: You expend magic power (3 MP) to
                  | strengthen your wands. [potion of mutation]
  5895 | D:6      | Noticed Pikel
  6404 | D:6      | Found a blossoming altar of Fedhas.
  6456 | D:6      | Reached XP level 8. HP: 46/46 MP: 7/13
  6474 | D:6      | Killed Pikel
  6533 | D:6      | HP: 2/46 [acid (5)]
  6537 | D:6      | Splashed by a jelly's acid

Levels and vault maps discovered:
D:1:      matt_arrival_refuge, layout_loops_cross, minmay_quantized
D:2:      layout_loops_ring, lemuel_crystal_altar,
          lemuel_coloured_pillars_altar, chequers_serial_rivers_room_a,
          minmay_tromino_i2, uniq_jessica
D:3:      layout_basic, gammafunk_temple_overflow_claw, minmay_misc_feat_columns
D:4:      layout_basic, tgw_xom
D:5:      kennysheep_six_static_rooms, layout_basic, lemuel_round_altar,
          temple_fountains, first_ration, kennysheep_generic_room_10
D:6:      layout_layer_cave, kennysheep_little_box, nicolae_ru_awakened_eye,
          hangedman_abyss_or_decor_stabs, uniq_pikel, uniq_blork_the_orc,
          uniq_grinder
Temple:   corrupted_temple

Skill      XL: |  1  2  3  4  5  6  7  8 |
---------------+-------------------------+-----
Stealth        | 3 4 5 6 |  6.9
Poison Magic   | 4 |  4.0
Unarmed Combat | 1 2 3 4 |  4.1
Conjurations   | 2 3 4 |  4.4
Dodging        | 3 4 |  4.8
Spellcasting   | 3 4 |  4.4

Action                   |  1- 3 |  4- 6 |  7- 9 || total
-------------------------+-------+-------+-------++-------
Melee: Spear             |    28 |    30 |       ||    58
       Tentacles         |     7 |    20 |    22 ||    49
       Constrict         |     6 |    25 |    11 ||    42
       Unarmed           |     2 |    85 |    64 ||   151
       Punch             |       |     3 |     3 ||     6
Throw: Stone             |       |       |     4 ||     4
 Cast: Sting             |    52 |    43 |    26 ||   121
       Mephitic Cloud    |       |     9 |     3 ||    12
  Use: Scroll            |     5 |     4 |     1 ||    10
       Potion            |     3 |     3 |     3 ||     9
 Stab: Sleeping          |       |     5 |       ||     5
       Confused          |       |     8 |     3 ||    11
  Eat: Chunk             |     2 |     8 |     6 ||    16
       Ration            |       |     1 |       ||     1
Armor: Skin              |     4 |     5 |     3 ||    12
Dodge: Dodged            |    11 |    54 |    34 ||    99

Table legend:
 A = Non-vault XP
 B = Vault XP
 C = Vault XP percentage of total XP
 D = Non-vault monster count
 E = Vault monster count
 F = Vault count percentage of total count
                 A         B        C        D         E       F
            +---------+---------+-------+---------+---------+-------
      Total |     959 |     885 |  48.0 |      85 |      10 |  10.5
            +---------+---------+-------+---------+---------+-------
        D:1 |      66 |       5 |   7.0 |      31 |       2 |   6.1
        D:2 |      78 |      41 |  34.5 |      15 |       3 |  16.7
        D:3 |      22 |       0 |   0.0 |       5 |       0 |   0.0
        D:4 |     133 |       0 |   0.0 |      14 |       0 |   0.0
        D:5 |     310 |     122 |  28.2 |      10 |       3 |  23.1
        D:6 |     350 |     717 |  67.2 |      10 |       2 |  16.7
            +---------+---------+-------+---------+---------+-------
